 Dungeon Crawl Stone Soup version 0.29.1-1-gd02db6906a (webtiles) character file.

Game seed: 8431458075442172584

407 LabCoat the Trooper (level 6, -1/57 HPs)
             Began as a Hill Orc Fighter on Oct 10, 2022.
             Splashed by a jelly's acid (11 damage)
             ... on level 5 of the Dungeon.
             The game lasted 00:08:56 (4046 turns).

LabCoat the Trooper (Hill Orc Fighter)              Turns: 4046, Time: 00:08:56

Health: -1/57      AC: -14   Str: 21    XL:     6   Next: 88%
Magic:  6/6        EV:  7    Int:  8    God:
Gold:   275        SH:  4    Dex: 10    Spells: 5/5 levels left

rFire   + . .      SeeInvis .   t - +1 hand axe (freeze)
rCold   + . .      Faith    .   c - +0 buckler
rNeg    . . .      Spirit   .   m - +0 chain mail
rPois   +          Reflect  .   (no helmet)
rElec   .          Harm     .   q - scarf {rC+ rF+}
rCorr   .          Rampage  .   (no gloves)
Will    .....                   (no boots)
Stlth   ..........              (no amulet)
HPRegen 0.19/turn               i - ring of flight
MPRegen 0.10/turn               w - ring of poison resistance

@: about to teleport, corroded, flying
A: no striking features
a: no special abilities


You were on level 5 of the Dungeon.
You visited 1 branch of the dungeon, and saw 5 of its levels.

You collected 275 gold pieces.

Inventory:

Hand Weapons
 a - a +1 war axe
 t - a +1 hand axe of freezing (weapon)
 v - a +1 mace of protection
Missiles
 b - 3 javelins (quivered)
 p - 5 boomerangs
 r - 2 throwing nets
Armour
 c - a +0 buckler (worn)
 m - a +0 chain mail (worn)
 q - a scarf of resistance (worn)
Jewellery
 i - a ring of flight (left hand)
 w - a ring of poison resistance (right hand)
Scrolls
 f - 4 scrolls of teleportation
 l - 3 scrolls of butterflies
 n - a scroll of amnesia
 y - a scroll of enchant armour {unknown}
Potions
 d - a potion of might
 e - a potion of resistance {unknown}
 h - 3 potions of lignification
 j - 2 potions of magic {unknown}
 k - 2 potions of curing
 o - 3 potions of flight
 s - a potion of heal wounds {unknown}
 u - 2 potions of haste {unknown}
 x - a potion of berserk rage {unknown}
 z - a potion of attraction {unknown}


   Skills:
 * Level 5.8 Fighting
 * Level 5.4 Axes
 + Level 1.8 Throwing
 + Level 4.3 Armour
 + Level 1.7 Dodging
 - Level 3.2 Shields


You had 5 spell levels left.
You didn't know any spells.
Your spell library contained the following spells:

 Spells                   Type           Power      Damage    Failure   Level
 Sublimation of Blood     Necr           0%         N/A       100%        2
 Wereblood                Tmut           0%         N/A       100%        2
 Summon Hydra             Summ           0%         N/A       100%        7


Dungeon Overview and Level Annotations

Branches:
Dungeon (5/15)
 Temple: D:4-7

Altars:
Elyvilon

Annotations:
D:3 2 transporters


Message History

The jelly quivers.
You hit the jelly. You freeze the jelly. The acid corrodes you!
Your hands burn!
The jelly is heavily wounded.
The jelly hits you but does no damage.
You hit the jelly but do no damage. The acid corrodes you!
Your hands burn!
The jelly is heavily wounded.
The jelly closely misses you.
You barely miss the jelly.
The jelly is heavily wounded.
The jelly hits you but does no damage.
You hit the jelly but do no damage.
Your hands burn!
The jelly is heavily wounded.
The jelly barely misses you.
You hit the jelly but do no damage. The acid corrodes you!
Your hands burn!
The jelly is heavily wounded.
The jelly hits you. The acid corrodes you!
You are splashed with acid!
You hit the jelly but do no damage.
Your hands burn!
The jelly is heavily wounded.
The jelly closely misses you.
You hit the jelly but do no damage.
Your hands burn!
The jelly is heavily wounded.
The jelly hits you. The acid corrodes you!
You are splashed with acid.
You barely miss the jelly.
The jelly is heavily wounded.
The jelly hits you.
You are splashed with acid!
* * * LOW HITPOINT WARNING * * *
Okay, then.
You feel better. The jelly hits you. The acid corrodes you!
You are splashed with acid!
* * * LOW HITPOINT WARNING * * *
As you read the scroll of teleportation, it crumbles to dust.
You feel strangely unstable. The jelly hits you.
* * * LOW HITPOINT WARNING * * *
The acid corrodes you!
You are splashed with acid!
* * * LOW HITPOINT WARNING * * *
You feel better. The jelly hits you.
* * * LOW HITPOINT WARNING * * *
You are splashed with acid!
You die...

### #.# #.# ### #..
..# #.# #.# #.# #.#
######.# #J# ##
#......# #@#
.####...[..#####.#
....'...........>#####
.####.....####.......#
...........# #.......#
....#....#.# #.......#
......#..#.# #.......#
......#..#.# #.......#
......#.## ....#####


You could see a jelly.

Vanquished Creatures
  A phantom (D:4)
  A bullfrog (D:4)
  A scorpion (D:3)
  A jelly (D:3)
  An iguana (D:4)
  2 adders
  A shadow imp (D:5)
  5 worms
  8 dart slugs
  11 orcs
  13 ball pythons
  6 endoplasms
  2 giant cockroaches
  5 goblins
  8 hobgoblins
  3 jackals (D:2)
  2 quokkas
  3 bats
  4 frilled lizards
  6 kobolds
  4 rats
88 creatures vanquished.

Vanquished Creatures (others)
  An adder (D:4)
  A quokka (D:4)
2 creatures vanquished.

Grand Total: 90 creatures vanquished

Notes
Turn   | Place    | Note
-------+----------+-------------------------------------------
     0 | D:1      | LabCoat the Hill Orc Fighter began the quest for the Orb.
     0 | D:1      | Reached XP level 1. HP: 19/19 MP: 1/1
   270 | D:1      | Reached XP level 2. HP: 25/27 MP: 2/2
   825 | D:1      | You fall into a shaft and drop 1 floor!
  1079 | D:2      | Reached XP level 3. HP: 32/33 MP: 3/3
  1584 | D:2      | Found a faded altar of an unknown god.
  1753 | D:2      | Identified the +0 hand axe of Qazlal's Esteem {flame, rCorr
                  | Int+2}
  1916 | D:2      | Reached XP level 4. HP: 41/41 MP: 4/4
  2037 | D:3      | Reached skill level 1 in Dodging
  2041 | D:3      | Noticed a small abomination
  2080 | D:3      | Found a transporter.
  2080 | D:3      | Noticed a small abomination
  2088 | D:3      | Noticed a scorpion
  2097 | D:3      | Killed a scorpion
  2098 | D:3      | Reached skill level 1 in Throwing
  2098 | D:3      | Reached XP level 5. HP: 37/47 MP: 5/5
  2183 | D:3      | Found a transporter.
  2229 | D:3      | Identified the +4 flail of Enkor {drain, Str+3 Int+7}
  2251 | D:3      | Reached skill level 5 in Fighting
  2829 | D:4      | Reached XP level 6. HP: 32/56 MP: 6/6
  3000 | D:4      | Reached skill level 5 in Axes
  3266 | D:4      | Found a white marble altar of Elyvilon.
  3926 | D:5      | Entered Level 5 of the Dungeon
  4046 | D:5      | Splashed by a jelly's acid

Illustrated notes

Levels and vault maps discovered:
D:1:      heliophobic_arrival_glass_houses, layout_loops_ring, fountainhead
D:2:      layout_loops_corners, nicolae_ecumenical_oubliette, dk_vineyard_1
D:3:      kennysheep_slugbush, layout_basic, gammafunk_ghost_abyssal_escape,
          ebering_dispersal_statue_hall, small_statue_intersection
D:4:      layout_loops_ring, elyvilon_altar_4
D:5:      cheibrodos_two_vegetables, layout_basic, minmay_misc_feat_rows

Skill      XL: |  1  2  3  4  5  6 |
---------------+-------------------+-----
Axes           | 3 4 5 |  5.4
Fighting       | 4 5 |  5.8
Dodging        | 1 |  1.7
Throwing       | 1 |  1.8
Armour         | 4 |  4.3
Shields        | |  3.2

Action                   |  1- 3 |  4- 6 || total
-------------------------+-------+-------++-------
Melee: War axe           |    87 |   105 ||   192
       Hand axe          |       |    28 ||    28
Throw: Javelin           |     3 |       ||     3
  Use: Scroll            |     6 |     8 ||    14
       Potion            |       |     2 ||     2
Armor: Scale mail        |    19 |       ||    19
       Chain mail        |    25 |    56 ||    81
Dodge: Dodged            |    36 |    44 ||    80
Block: Buckler           |    17 |    29 ||    46
